 Dungeon Sprint DCSS version 0.14-a0-218-g24e112a (console) character file.

4931 Dalvant the Scorcher (level 10, -7/55 (56) HPs)
             Began as a Deep Elf Fire Elementalist on Oct 9, 2013.
             Was a High Priest of Vehumet.
             Mangled by a flying skull (10 damage)
             ... in the Dungeon (Sprint II: "The Violet Keep of Menkaure").
             The game lasted 00:15:50 (2425 turns).

Dalvant the Scorcher (Deep Elf Fire Elementalist)   Turns: 2425, Time: 00:15:50

HP  -7/55 (56)   AC  7     Str  5      XL: 10   Next: 22%
MP   4/32        EV 13     Int 24      God: Vehumet [*****.]
Gold 198         SH  0     Dex 15      Spells:  4 memorised, 22 levels left

Res.Fire  : . . .   See Invis. : .   (no weapon)
Res.Cold  : . . .   Warding    : .   q - +1 elf robe
Life Prot.: . . .   Conserve   : .   (no shield)
Res.Poison: +       Res.Corr.  : .   p - +0 helmet (curse)
Res.Elec. : .       Clarity    : .   o - +0 cloak
Sust.Abil.: . .     Spirit.Shd : .   n - +0 pair of elf gauntlets (curse)
Res.Mut.  : .       Prev.Telep.: +   m - +0 pair of boots
Res.Rott. : .       Flight     : .   (no amulet)
Saprovore : . . .                    B - ring of protection from magic
                                     l - ring of poison resistance

@: very slightly contaminated, quite resistant to hostile enchantments, fairly
stealthy
A: no striking features
a: Renounce Religion


You were in the Dungeon.
You worshipped Vehumet.
Vehumet was extremely pleased with you.
You were not hungry.

You visited 1 branch You collected 923 gold pieces.
You spent 745 gold pieces at shops.

Inventory:

Armour
 m - a +0 pair of boots (worn)
 n - a cursed +0 pair of elven gauntlets (worn)
 o - a +0 cloak (worn)
 p - a cursed +0 helmet (worn)
 q - a +1 elven robe (worn)
Comestibles
 c - 5 bread rations
 s - a choko
 t - 4 meat rations
 u - a sausage
 v - 3 pears
 z - 2 apples
Scrolls
 a - 2 scrolls of identify
 k - 4 scrolls of remove curse
Jewellery
 l - a ring of poison resistance (left hand)
 w - an uncursed ring of protection from cold
 B - a ring of protection from magic (right hand)
Potions
 d - 3 potions of curing
 e - a potion of heal wounds
 f - a potion of speed
 g - 4 potions of magic
 h - a potion of berserk rage
 j - 3 potions of flight {unknown}
 r - a potion of brilliance
 x - 2 potions of restore abilities {unknown}
 A - a potion of might {unknown}
 E - 3 potions of resistance {unknown}
 G - 2 potions of cure mutation {unknown}
Books
 b - a book of Flames

   Spells                             Type                      Level
   *Flame Tongue                      Conjuration/Fire             1
   Throw Flame                        Conjuration/Fire             2
   Conjure Flame                      Conjuration/Fire             3
   Inner Flame                        Hexes/Fire                   3
   *Sticky Flame                      Conjuration/Fire             4
   *Fireball                          Conjuration/Fire             5


   Skills:
 - Level 5.6 Fighting
 - Level 3.2 Dodging
 - Level 6.4 Stealth
 + Level 13.8 Spellcasting
 * Level 14.5 Conjurations
 + Level 15.6 Fire Magic


You had 22 spell levels left.
You knew the following spells:

 Your Spells              Type           Power        Failure   Level  Hunger
a - Flame Tongue          Conj/Fire      #####        0%          1    None
b - Airstrike             Air            ###.......   12%         4    None
c - Sticky Flame          Conj/Fire      ######..     1%          4    None
v - Fireball              Conj/Fire      ######....   1%          5    #......


Dungeon Overview and Level Annotations

Branches:
Dungeon (1/1)

Altars:
Cheibriados
Elyvilon
Fedhas
Kikubaaqudgha
Makhleb
Nemelex Xobeh
Okawaru
Sif Muna
Trog
Vehumet
Xom
Yredelemnul
Zin
the Shining One
Beogh
Jiyva
Lugonu

Shops:
D ==+[%?*!/!(%[[[+

Annotations:
D exclusion: oklob plant


Message History

The air twists around and strikes the flying skull!
You destroy the flying skull!
Vehumet accepts your kill.
Vehumet offers you knowledge of Conjure Ball Lightning.
You feel your power returning. The flying skull closely misses you.
Casting: Airstrike
Confirm with . or Enter, or press ? or * to list all spells.
Okay, then.
The flying skull hits you! The flying skull hits you.
The flying skull hits you!
The flying skull hits you but does no damage.
The flying skull hits you but does no damage.
The flying skull barely misses you. The flying skull misses you.
The flying skull closely misses you. The flying skull hits you.
* * * LOW HITPOINT WARNING * * *
The flying skull misses you. The flying skull hits you!
* * * LOW HITPOINT WARNING * * *
The flying skull hits you!
You die...

****** **** ******* ******* *,,, * ***** ** **********
********* * , ,,,+,, ∩∩,∩∩+,+,,***,,,,***,,, +,,,+,,**,,,,
**,,,,,**,* ,,,,,*, ** ** ,* **,,,,,,, *,,,,,*,,,*,**
,*,,,**,,,*,**,* ****** ** ,****+*** ,,, ,,,,*,,,,,*
###,**,,**,,**,,**,, ,*
∩∩∩∩∩*,,+,**,,,,,,,**⌠,,,,*+***,,,*,..#, *,,**,,*,,,**,,, *
∩∩∩∩∩* ,* *,,,,,,,,,**,,,, ,,*##+####.#,*,,,* ,,,,,,**,,,,*
*******,,+ ,,, ,,,, , *++**,,,+§..#0..#,,,,,***** ****++****
,,**,,,***# ,,,,,,,**≈,,,***,#§§.##########*******,,,,,, ,*
,,,*,,,,,≈## ,,,,,,**,≈ ,,, **#§§.#≈≈§≈≈≈≈§##*,, ,*,++++ +,*
#########≈≈#+++ +++**** ,,,,*,*#§§###########*+* ,*,+≈,,≈ ,*
########≈≈≈....,,,, *,,+,,,,*,,#§§#........##,, *,*,+≈,,≈+,*
......∩#{≈≈≈.##+##..*,,****,*,.#[)#.(.((...##,⌠,*,*,+≈,, +,*
=....∩.#≈≈≈≈##$ .##.#### ,+.##.#):#.(.)[.((## ,,* *,+≈,,≈+,*
∩...∩.∩#≈≈≈≈#..*B.*,...#,,*...#####....(.(.##,,,*,* + ,,≈+,*
.∩.∩.∩.#≈≈###*B#.*###..##**#..##.##.....(..##,,,*,* +≈, ≈+,*
∩.∩.∩..#≈##.###+#*#.##..#,,+..#..##().[.[(.##,,,*,*,+≈,, +,*
.∩.∩...#≈#...##.###..#..#,,#..#..##([....[.##,⌠,*,*,*≈,,≈ ,*
..⌠...['≈'.#.'<<<'.##'..####..##.##....))..##,,,*,*,*≈,,≈*,*
.......#≈#...##.###..#....###...#########'####+# *** ,,≈***
########≈##.###'# #.##......≈≈≈≈≈≈≈≈≈≈≈%≈...≈≈≈#,,,,,,,,**
[G######≈≈####.######≈≈..§..≈#)########≈###.≈≈≈#,,,, ,,**
(.#D,+,##≈≈≈#.##,.#≈≈≈≈≈≈§..≈#........#@z≈##≈≈≈#,,, ,, *
P%+$(*+* +#≈##...##≈≈≈≈≈≈§≈.≈#....⌠...#zz§≈#####*** ≈*
.[#(#*≈**,*≈≈##+##≈≈≈§≈§≈§§≈≈#..._._..#z§§§§##,,*,,*≈*
$.##*≈≈≈****≈≈≈§§≈≈≈≈≈§§≈≈≈≈≈#.._._._.#≈z≈§≈§#,,*,,*≈* +*
*≈≈≈≈≈*,*'''#§§'#≈§≈≈≈§§≈≈#._._._._#z§§§≈§+,,+,,*≈
,,**≈≈≈≈≈***≈≈≈≈≈≈;# §§§###≈§#_._._._.#≈§§§§§#, *,,*≈*
+***≈≈≈ ≈**≈≈≈≈§≈≈§§#*≈≈*,#≈§#._._....#§§≈§≈≈#,,*,,*≈*
,,*+≈≈,≈≈+≈≈ ≈≈§§§;§≈ ≈≈#+#≈≈#_._.....#§§§§#####****≈*
+***≈≈≈≈≈**≈≈≈≈§§§;≈ *≈≈§≈§≈§##########§§§≈#;≈;≈≈≈≈≈≈*
,**≈≈≈≈≈***≈≈≈≈≈≈ ***########z≈≈≈≈≈≈§≈§§§§#;≈≈≈≈≈≈≈ * +***
≈≈≈≈*∩****+****≈,≈≈≈§z###z########§#######**≈≈≈≈* ,,***
≈≈**,,,,** **≈ ,≈§≈≈.z##≈#,,,,, ###≈≈≈ ≈≈≈**≈≈≈* ∩,+**
**∩,,,,,,,+≈,≈≈§≈§§.zzzz#,,,,,,**≈≈≈≈≈≈≈≈≈**≈≈* ,,*,,* **
*****,* ≈≈ §..§§≈####,,,,,,+≈≈≈≈≈≈≈≈≈≈≈+≈ * *** ,,,,,,,,,,,*
,**≈,≈§§.≈#****,,,,,,**≈≈≈≈≈≈ ≈≈***** **********
*****,,,****####*,,,,, ,,,,** ≈≈≈≈≈≈≈** ,∩ ≈,, ,,,,,
,,,,,,+,+,,, ,+,,,,,,, ,,* ** ** ** ***** *************** **
******* ***


You could see 6 flying skulls.

Vanquished Creatures
  A kraken (D)
  A plague shambler (D)
  A yaktaur (D)
  A mermaid (D)
  3 polar bears (D)
  4 flying skulls (D)
  Menkaure (D)
  A crocodile (D)
  A yellow wasp (D)
  4 brain worms (D)
  8 big fish (D)
  4 giant centipedes (D)
  7 tentacles (D)
37 creatures vanquished.

Vanquished Creatures (others)
  28 tentacles (D)
  71 tentacle segments (D)
99 creatures vanquished.

Grand Total: 136 creatures vanquished

Notes
Turn   | Place    | Note
--------------------------------------------------------------
     0 | D        | Dalvant, the Deep Elf Fire Elementalist, began the quest for the Orb.
     0 | D        | Reached XP level 1. HP: 10/10 MP: 4/4
     1 | D        | Reached skill level 4 in Fire Magic
     5 | D        | Reached skill level 1 in Fighting
     5 | D        | Reached skill level 5 in Fire Magic
     5 | D        | Reached XP level 2. HP: 15/15 MP: 1/7
   293 | D        | Reached skill level 6 in Fire Magic
   293 | D        | Reached XP level 3. HP: 19/19 MP: 7/9
   319 | D        | Noticed a mermaid
   322 | D        | Noticed a boulder beetle
   322 | D        | Noticed a boulder beetle
   339 | D        | Noticed a brain worm
   344 | D        | Killed a brain worm
   344 | D        | Reached skill level 7 in Fire Magic
   344 | D        | Reached XP level 4. HP: 20/24 MP: 6/13
   350 | D        | Learned a level 4 spell: Sticky Flame
   396 | D        | Noticed a brain worm
   396 | D        | Noticed an electric eel
   402 | D        | Killed a brain worm
   402 | D        | Reached skill level 8 in Fire Magic
   402 | D        | Reached XP level 5. HP: 29/29 MP: 9/16
   451 | D        | Learned a level 5 spell: Fireball
   453 | D        | Noticed a brain worm
   453 | D        | Noticed a brain worm
   453 | D        | Noticed an electric eel
   453 | D        | Noticed an electric eel
   453 | D        | Noticed an electric eel
   461 | D        | Killed a brain worm
   461 | D        | Reached skill level 5 in Stealth
   461 | D        | Reached skill level 9 in Fire Magic
   526 | D        | Killed a brain worm
   526 | D        | Reached skill level 5 in Conjurations
   526 | D        | Reached skill level 10 in Fire Magic
   526 | D        | Reached XP level 6. HP: 22/35 MP: 14/19
   661 | D        | Killed a mermaid
   661 | D        | Reached skill level 5 in Fighting
   661 | D        | Reached skill level 11 in Fire Magic
   661 | D        | Reached XP level 7. HP: 26/40 MP: 13/22
   771 | D        | Found Staniali's Antique Weapon Shoppe.
   771 | D        | Found Osymidoi's Magical Wand Shoppe.
   771 | D        | Found Chiodwomp's Antique Armour Emporium.
   771 | D        | Found Plog's Food Emporium.
   771 | D        | Found Theug's Distillery.
   772 | D        | Found Xuaxac's Antique Armour Shoppe.
   772 | D        | Found Phace's Antique Armour Shoppe.
   772 | D        | Found Amal's Book Emporium.
   772 | D        | Found Xuomuf's Distillery.
   772 | D        | Found Ris Soj's General Store.
   772 | D        | Noticed Menkaure
   780 | D        | Found Ilul's Magic Scroll Emporium.
   780 | D        | Noticed a great orb of eyes
   783 | D        | Killed Menkaure
   784 | D        | Found Saet's Antique Armour Shoppe.
   784 | D        | Found Qakhul Subu's Food Emporium.
   784 | D        | Noticed a baby alligator
   785 | D        | Found Gragrip's Jewellery Shoppe.
   785 | D        | Noticed an oklob plant
   788 | D        | Found Thucs' Book Shoppe.
   789 | D        | Found Iguexta's Jewellery Emporium.
   791 | D        | Noticed a dragon
   793 | D        | Bought a scroll of identify for 20 gold pieces
   793 | D        | Bought a scroll of remove curse for 30 gold pieces
   822 | D        | Bought an uncursed ring of poison resistance for 240 gold pieces
   822 | D        | Bought a cursed ring of hunger for 24 gold pieces
   833 | D        | Bought a pair of boots for 46 gold pieces
   833 | D        | Bought a pair of elven gauntlets for 43 gold pieces
   839 | D        | Bought a cloak for 16 gold pieces
   852 | D        | Bought a helmet for 65 gold pieces
   864 | D        | Bought an elven robe for 19 gold pieces
   873 | D        | Bought 2 potions of curing for 40 gold pieces
   873 | D        | Bought a potion of heal wounds for 30 gold pieces
   873 | D        | Bought a potion of brilliance for 25 gold pieces
   876 | D        | Bought a choko for 4 gold pieces
   876 | D        | Bought a meat ration for 40 gold pieces
   876 | D        | Bought a sausage for 15 gold pieces
   876 | D        | Bought a meat ration for 40 gold pieces
   876 | D        | Bought a pear for 8 gold pieces
   876 | D        | Bought a meat ration for 40 gold pieces
  1038 | D        | Noticed a crocodile
  1046 | D        | Killed a crocodile
  1046 | D        | Reached skill level 12 in Fire Magic
  1140 | D        | Found a blossoming altar of Fedhas.
  1140 | D        | Found an iron altar of Okawaru.
  1140 | D        | Found a viscous altar of Jiyva.
  1140 | D        | Found a glowing silver altar of Zin.
  1141 | D        | Found a roughly hewn altar of Beogh.
  1141 | D        | Found a corrupted altar of Lugonu.
  1141 | D        | Found a white marble altar of Elyvilon.
  1141 | D        | Found a bloodstained altar of Trog.
  1142 | D        | Found a sparkling altar of Nemelex Xobeh.
  1143 | D        | Noticed a plague shambler
  1145 | D        | Found a snail-covered altar of Cheibriados.
  1145 | D        | Found a glowing golden altar of the Shining One.
  1145 | D        | Found an ancient bone altar of Kikubaaqudgha.
  1145 | D        | Found a burning altar of Makhleb.
  1145 | D        | Found a deep blue altar of Sif Muna.
  1145 | D        | Noticed a yellow wasp
  1145 | D        | Noticed a polar bear
  1146 | D        | Noticed a polar bear
  1146 | D        | Found a basalt altar of Yredelemnul.
  1146 | D        | Found a shimmering altar of Xom.
  1146 | D        | Found a radiant altar of Vehumet.
  1146 | D        | Noticed a yaktaur
  1147 | D        | Noticed a polar bear
  1152 | D        | Noticed a flying skull
  1153 | D        | Noticed a flying skull
  1155 | D        | Became a worshipper of Vehumet
  1156 | D        | Noticed a flying skull
  1156 | D        | Noticed a flying skull
  1157 | D        | Killed a polar bear
  1158 | D        | Killed a polar bear
  1158 | D        | Reached skill level 13 in Fire Magic
  1158 | D        | Reached XP level 8. HP: 45/45 MP: 8/26
  1162 | D        | Noticed a flying skull
  1163 | D        | Killed a polar bear
  1163 | D        | Acquired Vehumet's first power
  1163 | D        | Offered knowledge of Sandblast by Vehumet.
  1173 | D        | Noticed a big fish
  1173 | D        | Noticed a big fish
  1173 | D        | Noticed a big fish
  1173 | D        | Noticed a big fish
  1175 | D        | Noticed a big fish
  1175 | D        | Noticed a big fish
  1177 | D        | Killed a plague shambler
  1177 | D        | Reached skill level 10 in Spellcasting
  1177 | D        | Reached skill level 14 in Fire Magic
  1185 | D        | Killed a yaktaur
  1185 | D        | Reached XP level 9. HP: 8/49 MP: 4/29
  1330 | D        | Killed a yellow wasp
  1330 | D        | Offered knowledge of Shock by Vehumet.
  1482 | D        | Noticed a big fish
  1482 | D        | Noticed a kraken
  1486 | D        | Killed a big fish
  1486 | D        | Killed a big fish
  1489 | D        | Noticed a big fish
  1492 | D        | Killed a big fish
  1492 | D        | Offered knowledge of Dazzling Spray by Vehumet.
  1636 | D        | Killed a big fish
  1636 | D        | Acquired Vehumet's second power
  1637 | D        | Killed a big fish
  1637 | D        | Offered knowledge of Airstrike by Vehumet.
  1644 | D        | Learned a level 4 spell: Airstrike
  1648 | D        | Killed a big fish
  1649 | D        | Killed a big fish
  1922 | D        | Killed a big fish
  1922 | D        | Acquired Vehumet's third power
  2113 | D        | Killed a kraken
  2113 | D        | Offered knowledge of Bolt of Magma by Vehumet.
  2113 | D        | Reached skill level 15 in Fire Magic
  2113 | D        | Reached XP level 10. HP: 55/55 MP: 4/32
  2385 | D        | Noticed a shark
  2393 | D        | Noticed a flying skull
  2394 | D        | Noticed a flying skull
  2396 | D        | Noticed a flying skull
  2396 | D        | Noticed a flying skull
  2396 | D        | Noticed a flying skull
  2397 | D        | Noticed a flying skull
  2398 | D        | Noticed a flying skull
  2404 | D        | Killed a flying skull
  2404 | D        | Killed a flying skull
  2413 | D        | Killed a flying skull
  2415 | D        | Noticed a shark
  2419 | D        | Noticed a shark
  2419 | D        | Killed a flying skull
  2419 | D        | Offered knowledge of Conjure Ball Lightning by Vehumet.
  2425 | D        | Mangled by a flying skull

Action                   |  1- 3 |  4- 6 |  7- 9 | 10-12 || total
-------------------------+-------+-------+-------+-------++-------
 Cast: Flame Tongue      |    13 |    15 |    21 |     1 ||    50
       Sticky Flame      |       |     1 |     4 |     3 ||     8
       Fireball          |       |       |    27 |     5 ||    32
       Airstrike         |       |       |       |     1 ||     1
  Use: Potion            |       |       |     1 |     1 ||     2
       Scroll            |       |       |       |     8 ||     8
